 Dungeon Crawl Stone Soup version 0.30.1 (webtiles) character file.

Game seed: 10271249950027958260

1493072 turdburglar the Hoplite (level 25, 146/244 (247) HPs)
             Began as a Minotaur Monk on June 29, 2023.
             Was an Initiate of Gozag.
             Escaped with the Orb
             ... and 3 runes on July 5, 2023!
             The game lasted 03:35:48 (84307 turns).

turdburglar the Hoplite (Minotaur Monk)            Turns: 84307, Time: 03:35:48

HP:   146/244 (247) AC: 31    Str: 22      XL:     25   Next: 49%
MP:   31/31         EV: 26    Int:  1 (5)  God:    Gozag
Gold: 3063          SH: 42    Dex: 24      Spells: 16/36 levels left

rFire   + . .        c - +11 Singing Sword {sonic wave}
rCold   + + .        J - +10 tower shield of Ignorance {rN+ Int-4}
rNeg    + + .        U - +4 scale mail {rC+}
rPois   +            l - +3 crown of Dyrovepreva {rElec Int+2 SInv}
rElec   +            R - +2 cloak {Will+}
rCorr   .            G - +3 pair of gauntlets of War {Slay+5}
SInv    +            O - +2 pair of boots {Fly}
Will    ++...        P - amulet of Fyxocw {Reflect rN+ SH+5}
Stlth   +            F - ring "Fijonuybb" {Wiz Drain rElec rPois rF+}
HPRegen 0.60/turn    Z - ring of Futezic {rC+ Str+5 Slay+2 Stlth-}
MPRegen 0.22/turn

%: reflection, wizardry (x1)
@: flying, studying 3 skills, lightly drained
A: horns 2, retaliatory headbutt, claws 1, talons 1, see invisible, screaming 1,
subdued magic 1
0: Orb of Zot
}: 3/15 runes: barnacled, silver, gossamer
a: Renounce Religion, Potion Petition, Call Merchant, Bribe Branch


You escaped.
You worshipped Gozag.
Gozag was most pleased with you.
You visited 9 branches of the dungeon, and saw 46 of its levels.
You visited the Abyss 1 time.
You also visited: Sewer and Ice Cave.

You collected 26963 gold pieces.
You spent 8678 gold pieces at shops.
You paid 15222 gold pieces to Gozag.

Inventory:

Hand Weapons
 a - the +8 double sword "Nubonil" {flame, rC+}
   (You acquired it on level 9 of the Dungeon)

   rC:        It protects you from cold.
 b - a +4 hand crossbow of flaming
 c - the +11 Singing Sword (weapon) {sonic wave}
   (You took it off a fire giant on level 4 of the Depths)
Missiles
 K - 6 throwing nets (quivered)
 T - 7 boomerangs of dispersal
Armour
 f - a +1 kite shield of reflection
 l - the +3 crown of Dyrovepreva (worn) {rElec Int+2 SInv}
   (You found it on level 2 of the Vaults)

   Int:       It affects your intelligence (+2).
   rElec:     It insulates you from electricity.
   SInv:      It lets you see invisible.
 G - the +3 pair of gauntlets of War (worn) {Slay+5}
   (You bought it in a shop on level 1 of the Vaults)

   Slay:      It affects your accuracy & damage with ranged weapons and melee
   (+5).
 J - the +10 tower shield of Ignorance (worn) {rN+ Int-4}
   (You acquired it on level 5 of the Vaults)

   Int:       It affects your intelligence (-4).
   rN:        It protects you from negative energy.
 O - a +2 pair of boots of flying (worn)
 R - a +2 cloak of willpower (worn)
 U - a +4 scale mail of cold resistance (worn)
Jewellery
 q - a ring of positive energy
 u - the amulet "Wazugh" {Spirit rN+ rCorr Int+3 Dex-3}
   (You took it off a vampire knight on level 1 of the Depths)

   [amulet of guardian spirit]

   It causes incoming damage to be divided between your reserves of health and
   magic.
   Int:       It affects your intelligence (+3).
   Dex:       It affects your dexterity (-3).
   rN:        It protects you from negative energy.
   rCorr:     It protects you from acid and corrosion.
 F - the ring "Fijonuybb" (left hand) {Wiz Drain rElec rPois rF+}
   (You bought it in a shop on level 2 of the Orcish Mines)

   [ring of wizardry]

   It improves your spell success rate.
   rF:        It protects you from fire.
   rElec:     It insulates you from electricity.
   rPois:     It protects you from poison.
   Drain:     It drains your maximum health when unequipped.
 P - the amulet of Fyxocw (around neck) {Reflect rN+ SH+5}
   (You bought it in a shop on level 2 of the Orcish Mines)

   [amulet of reflection]

   It reflects blocked missile attacks.
   rN:        It protects you from negative energy.
   SH:        It affects your SH (+5).
 Z - the ring of Futezic (right hand) {rC+ Str+5 Slay+2 Stlth-}
   (You found it on level 5 of the Lair of Beasts)

   [ring of protection from cold]

   Str:       It affects your strength (+5).
   Slay:      It affects your accuracy & damage with ranged weapons and melee
   (+2).
   rC:        It protects you from cold.
   Stlth:     It makes you less stealthy.
Wands
 e - a wand of roots (44)
 m - a wand of digging (10)
 n - a wand of paralysis (52)
 o - a wand of mindburst (39)
 C - a wand of polymorph (28)
 M - a wand of light (24)
 N - a wand of flame (157)
Scrolls
 d - 4 scrolls of silence
 g - 7 scrolls of immolation
 h - 15 scrolls of teleportation
 k - 8 scrolls of fear
 r - 15 scrolls of amnesia
 s - a scroll of blinking
 B - 5 scrolls of fog
 D - 8 scrolls of poison
 E - 3 scrolls of magic mapping
Potions
 j - 7 potions of lignification
 p - 3 potions of heal wounds
 t - 6 potions of resistance
 v - 4 potions of cancellation
 w - 3 potions of magic
 x - 15 potions of might
 z - 20 potions of haste
 A - 6 potions of brilliance
 H - 17 potions of curing
 L - 14 potions of ambrosia
 Q - 3 potions of invisibility
 V - 11 potions of flight
 W - 3 potions of mutation
 X - 3 potions of berserk rage
Miscellaneous
 i - a phial of floods
 y - a piece from Xom's chessboard (15/15)
 I - a box of beasts
 S - a lightning rod (4/4)
 Y - a phantom mirror


   Skills:
 + Level 24.5 Fighting
 - Level 20.0 Long Blades
 * Level 16.5 Ranged Weapons
 * Level 20.5 Armour
 + Level 20.5 Dodging
 - Level 9.2 Stealth
 - Level 26.0 Shields
 - Level 6.0 Spellcasting
 + Level 6.0 Translocations
 - Level 5.0 Transmutations
 + Level 3.0 Air Magic
 - Level 4.0 Earth Magic
 - Level 12.0 Evocations


You had 16 spell levels left.
You knew the following spells:

 Your Spells              Type           Power      Damage    Failure   Level
a - Beastly Appendage     Tmut           2%         N/A       2%          1
b - Blink                 Tloc           2%         N/A       2%          2
c - Passwall              Tmut/Erth      0%         N/A       6%          2
d - Swiftness             Air            0%         N/A       21%         3
e - Manifold Assault      Tloc           1%         N/A       21%         4
f - Ozocubu's Armour      Ice            0%         N/A       58%         3
g - Petrify               Tmut/Erth      0%         N/A       36%         4
h - Apportation           Tloc           2%         N/A       1%          1

Your spell library contained the following spells:

 Spells                   Type           Power      Damage    Failure   Level
 Lesser Beckoning         Tloc           2%         N/A       2%          2
 Wereblood                Tmut           1%         N/A       4%          2
 Gell's Gravitas          Tloc           1%         N/A       6%          3
 Teleport Other           Tloc           1%         N/A       6%          3
 Vhi's Electric Charge    Tloc/Air       0%         N/A       12%         3
 Portal Projectile        Hex/Tloc       0%         N/A       21%         3
 Volatile Blastmotes      Fire/Tloc      0%         2d10      21%         3
 Foxfire                  Conj/Fire      0%         2x1d4     24%         1
 Magic Dart               Conj           0%         1d3       24%         1
 Necrotise                Necr           0%         1d4       24%         1
 Summon Small Mammal      Summ           0%         N/A       24%         1
 Cigotuvi's Dreadful Rot  Necr/Pois/Air  0%         N/A       24%         2
 Spider Form              Tmut/Pois      0%         N/A       26%         3
 Call Imp                 Summ           0%         N/A       34%         2
 Ensorcelled Hibernation  Hex/Ice        0%         N/A       34%         2
 Scorch                   Fire           0%         2d5       34%         2
 Searing Ray              Conj           0%         2d4       34%         2
 Sublimation of Blood     Necr           0%         N/A       34%         2
 Ignite Poison            Fire/Tmut/Pois 0%         N/A       36%         3
 Mephitic Cloud           Conj/Pois/Air  0%         N/A       43%         3
 Call Canine Familiar     Summ           0%         N/A       58%         3
 Frozen Ramparts          Ice            0%         1d1       58%         3
 Hailstorm                Conj/Ice       0%         3d3       58%         3
 Inner Flame              Hex/Fire       0%         N/A       58%         3
 Summon Guardian Golem    Hex/Summ       0%         N/A       58%         3
 Vampiric Draining        Necr           0%         2d6       58%         3
 Ice Form                 Ice/Tmut       0%         N/A       63%         4
 Blade Hands              Tmut           0%         N/A       63%         5
 Animate Armour           Summ/Erth      0%         N/A       71%         4
 Leda's Liquefaction      Hex/Erth       0%         N/A       71%         4
 Summon Lightning Spire   Summ/Air       0%         N/A       77%         4
 Summon Forest            Summ/Tloc      0%         N/A       88%         5
 Anguish                  Hex/Necr       0%         N/A       92%         4
 Dispel Undead            Necr           0%         3d6       92%         4
 Flame Wave               Conj/Fire      0%         2d4       92%         4
 Fulminant Prism          Conj/Hex       0%         3d5       92%         4
 Olgreb's Toxic Radiance  Pois           0%         N/A       92%         4
 Sticky Flame             Conj/Fire      0%         2d3       92%         4
 Summon Ice Beast         Ice/Summ       0%         N/A       92%         4
 Alistair's Intoxication  Tmut/Pois      0%         N/A       92%         5
 Borgnjor's Vile Clutch   Necr/Erth      0%         N/A       95%         5
 Arcjolt                  Conj/Air       0%         1d10      98%         5
 Agony                    Necr           0%         N/A       99%         5
 Fireball                 Conj/Fire      0%         3d3       99%         5
 Iskenderun's Battlesphe  Conj           0%         2d6       99%         5
 Metabolic Englaciation   Hex/Ice        0%         N/A       99%         5
 Statue Form              Tmut/Erth      0%         N/A       99%         6
 Conjure Ball Lightning   Conj/Air       0%         3x3d6     100%        6
 Death Channel            Necr           0%         N/A       100%        6
 Eringya's Noxious Bog    Tmut/Pois      0%         N/A       100%        6
 Iron Shot                Conj/Erth      0%         9d1       100%        6
 Plasma Beam              Fire/Air       0%         2x1d11    100%        6
 Starburst                Conj/Fire      0%         6d3       100%        6
 Summon Cactus Giant      Summ           0%         N/A       100%        6
 Haunt                    Necr/Summ      0%         N/A       100%        7
 Malign Gateway           Summ/Tloc      0%         N/A       100%        7
 Orb of Destruction       Conj           0%         9d5       100%        7
 Ozocubu's Refrigeration  Ice            0%         4d7       100%        7
 Spellforged Servitor     Conj/Summ      0%         N/A       100%        7
 Storm Form               Tmut/Air       0%         N/A       100%        7
 Summon Hydra             Summ           0%         N/A       100%        7
 Discord                  Hex            0%         N/A       100%        8
 Ignition                 Fire           0%         3d3       100%        8
 Maxwell's Capacitive Co  Air            0%         ∞         100%        8
 Polar Vortex             Ice            0%         N/A       100%        9
 Animate Dead             Necr           Unusable   N/A       N/A         4
 Simulacrum               Ice/Necr       Unusable   N/A       N/A         6

Dungeon Overview and Level Annotations

Branches:
Dungeon (15/15)            Temple (0/1) D:5            Lair (5/5) D:9
 Shoals (4/4) Lair:3       Spider (4/4) Lair:2        Slime (0/5) Lair:4
    Orc (2/2) D:12            Elf (2/3) Orc:2        Vaults (5/5) D:13
  Crypt (0/3) Vaults:3     Depths (4/4) D:15            Zot (5/5) Depths:4
  Sewer (visited)           IceCv (visited)

Altars:
Cheibriados
Elyvilon
Gozag
Kikubaaqudgha
Okawaru
Trog
Wu Jian
Lugonu

Shops:
D:3 :   D:6 :   Orc:2 [=:*[?*=*?   Elf:1 (?(*   Lair:5 =   Shoals:2 *
Vaults:1 [   Vaults:2 *   Vaults:4 !   Zot:1 *   Depths:1 :(:

Portals:
Hell: Depths:1 Depths:2 Depths:3 Depths:4
Abyss: Orc:1 Depths:1 Depths:3
Pandemonium: Depths:2
Ziggurat: Depths:4

Annotations:
Orc:1 2 transporters, Kaxaet's ghost, journeyman MfVM


Innate Abilities, Weirdness & Mutations

You have a pair of horns on your head.
You reflexively headbutt those who attack you in melee.
You have sharp fingernails.
You have sharp toenails.
You have supernaturally acute eyesight. (SInv)
You occasionally shout uncontrollably at your foes.
Your spells are a little easier to cast, but a little less powerful.


Message History

The Singing Sword practises its scales.
You send a blast of sound all around you.
The Tzitzimitl is almost dead.
You headbutt the Tzitzimitl!
The Tzitzimitl is almost dead.
You hit the Tzitzimitl but do no damage.
The Tzitzimitl is almost dead.
You block the Tzitzimitl's attack. x2
You miss the Tzitzimitl. Your headbutt misses the Tzitzimitl.
The Tzitzimitl is almost dead.
You block the Tzitzimitl's attack. x2
You cut the Tzitzimitl into ribbons!!!
You kill the Tzitzimitl!
An Orb Guardian comes into view.
You yell at the Orb Guardian!
You see here 16 gold pieces.
There is an escape hatch in the ceiling here.
A mysterious force pulls you upwards. The hatch slams shut behind you.
There is a stone staircase leading up here.
You fly upwards.
There is a stone staircase leading down here.
There is a stone staircase leading up here.
You fly upwards.
There is a stone staircase leading down here.
There is an open door here.
A great orb of eyes comes into view.
The great orb of eyes gazes at you. You resist with almost no effort.
There is a stone staircase leading up here.
You fly upwards.
There is a stone staircase leading down here.
There is an escape hatch in the ceiling here.
An Orb Guardian comes into view.
There is a stone staircase leading up here.
You fly upwards.
There is a stone staircase leading down here.
A reaper comes into view. It is wielding a +0 scythe of flaming.
You yell at the reaper!
There is a staircase leading out of the dungeon here.
You have escaped!

.....###.######........#.....# #.
###### #...............#.....# #.
# #...#.......#...#.....# #. ##
#..###.....###..#.....#### .###
#...#.......#............#
...#####...............####.###.#
......##......>#................#
......##......###.......###.#...#
......##.......#@.........#.#####
......##................#........
......)....#.......#....#.....###
.......##.###...2.###...#.....#..
.......##..#.......#....#.....#.#
........................#.###.#.#
............................#.#.#
......#########...###.#.#####.#.#
####.######...................#.#


You could see a reaper.

Vanquished Creatures
  2 pandemonium lords
  A dread lich (Zot:5)
  3 ancient liches (Zot:5)
  2 orbs of fire (Zot:5)
  The ghost of stpyramids the Spawn of Chaos, a legendary DDFi of Makhleb (Zot:1)
  Mara (Depths:2)
  Vv (Zot:4)
  5 Killer Klowns
  Bai Suzhen (Shoals:3)
  Saint Roka (Depths:1)
  4 curse toes
  2 caustic shrikes (Depths:3)
  Xtahua (Vaults:4)
  7 golden dragons
  Nikola (Spider:4)
  2 bone dragons
  2 doom hounds (Depths:3)
  18 tentacled monstrosities
  A Brimstone Fiend (D:8)
  5 electric golems
  2 Tzitzimimeh
  Zenata (Elf:2)
  32 Orb Guardians
  Grunn (Depths:3)
  3 liches
  A deep elf blademaster (Elf:2)
  3 titans
  3 quicksilver dragons
  A kraken (Shoals:2)
  2 walking frostbound tomes (Depths:3)
  An Executioner (D:9)
  5 sphinxes
  8 death cobs
  Gastronok (D:8)
  Agnes (Spider:3)
  19 shadow dragons
  A tengu reaver (Depths:4)
  16 storm dragons
  3 draconian monks
  Donald (Spider:4)
  2 iron dragons
  3 draconian knights
  3 fire giants
  4 frost giants
  A deep elf sorcerer (Vaults:5)
  6 emperor scorpions
  6 vault wardens
  3 draconian shifters
  5 draconian stormcallers
  9 draconian scorchers
  2 orc warlords
  13 ironbound preservers
  A cacodemon (D:15)
  2 reapers (Depths:3)
  A deep elf elementalist (Elf:1)
  An angel (Depths:4)
  A quicksilver ooze (Zot:5)
  Aizul (Elf:1)
  6 stone giants
  2 draconian annihilators
  26 very ugly things
  A broodmother (Spider:1)
  4 vampire knights
  A spriggan defender (Depths:3)
  A war gargoyle (Vaults:5)
  4 ironbound thunderhulks
  A putrid mouth (Depths:2)
  A deep elf demonologist (Elf:1)
  13 black draconians
  A deep elf annihilator (Vaults:1)
  9 purple draconians
  9 green draconians
  9 spark wasps
  12 yellow draconians
  10 red draconians
  A lorocyproca (Depths:2)
  7 dire elephants
  3 minotaurs (Shoals:4)
  The ghost of coffeetime the Basher, a journeyman MiHu of Okawaru (Spider:1)
  Snorg (D:11)
  4 white draconians
  3 deep elf death magi
  4 ettins
  2 crystal guardians
  8 merfolk impalers
  2 merfolk javelineers
  5 fire dragons
  7 great orbs of eyes
  A jiangshi (Vaults:3)
  12 entropy weavers
  A spriggan zombie (Depths:1)
  10 yaktaur captains
  2 peacekeepers
  11 vault guards
  9 ice dragons
  4 spriggan air magi
  2 hell beasts
  10 centaur warriors
  3 rakshasas
  12 ironbound frosthearts
  A merfolk aquamancer (Shoals:3)
  6 ogre magi
  2 jorogumos
  6 hydras
  Erica (Lair:2)
  2 alligator snapping turtles
  13 boulder beetles
  13 satyrs
  12 two-headed ogres
  4 merfolk avatars
  3 radroaches
  30 dancing weapons
  10 death yaks
  2 deep troll shamans
  4 tengu warriors
  A death scarab (Spider:4)
  2 naga warriors (Abyss:3)
  9 hell hogs
  5 deep troll earth magi
  6 thrashing horrors (Abyss:3)
  6 spriggan berserkers
  6 orc high priests
  3 vampire magi
  2 sun demons
  12 hell knights
  Urug (Lair:1)
  2 soul eaters (Depths:1)
  An iron troll (Depths:3)
  3 skeletal warriors (Depths:1)
  7 pharaoh ants
  18 deep elf knights
  A cherub (D:13)
  A shadow wraith (Depths:1)
  11 sea snakes
  A sixfirhy (D:15)
  8 skysharks
  10 large abominations
  26 deep trolls
  5 orb spiders
  3 glowing orange brains
  3 sun moths (Spider:3)
  4 lindwurms
  A deep troll (shapeshifter) (Vaults:5)
  8 necromancers
  An obsidian statue (Zot:1)
  14 deep elf archers
  13 wizards
  3 flayed ghosts
  28 deep elf zephyrmancers
  26 deep elf pyromancers
  9 steelbarb worms
  14 ironbound convokers
  2 phantasmal warriors
  8 orc knights
  A mana viper (shapeshifter) (Elf:1)
  20 fauns
  28 harpies
  20 wolf spiders
  5 orc sorcerers
  5 cyclopes
  2 salamanders (Abyss:3)
  38 ugly things
  17 manticores
  3 oklob plants
  10 elephants
  A fire giant zombie (Depths:1)
  Joseph (D:8)
  8 demonic crawlers
  30 moths of wrath
  10 vault sentinels
  A guardian serpent (Abyss:3)
  5 black mambas
  6 water nymphs
  3 orange demons
  2 rust devils
  2 naga magi (D:15)
  10 torpor snails
  6 merfolk sirens
  8 cane toads
  An ice statue (IceCv)
  A centaur skeleton (D:15)
  3 gargoyles
  A smoke demon (Abyss:3)
  25 yaktaurs
  An efreet (Abyss:3)
  Maggie (Lair:2)
  2 kobold demonologists
  11 rime drakes
  3 ice devils
  A freezing wraith (Abyss:3)
  5 tengu conjurers
  A tormentor (Depths:4)
  An ancient zyme (Abyss:3)
  11 komodo dragons
  2 burning bushes (Lair:4)
  A red devil (D:6)
  2 spriggan skeletons (Depths:1)
  18 meliai
  21 merfolk
  A hornet (shapeshifter) (Depths:2)
  3 hornets
  2 hellwings
  6 trolls
  16 tarantellas
  Prince Ribbit (D:7)
  5 wind drakes
  8 polar bears
  4 blink frogs (Lair:2)
  11 dream sheep
  8 snapping turtles
  A shadow (D:12)
  A centaur simulacrum (D:15)
  A stone giant simulacrum (Vaults:1)
  A ynoxinul (Abyss:3)
  24 slime creatures
  2 spriggans (Depths:4)
  A vampire (D:13)
  3 air elementals (Elf:1)
  3 wraiths
  A spriggan (shapeshifter) (Vaults:5)
  24 water elementals
  36 jumping spiders
  An elf simulacrum (Vaults:1)
  23 culicivoras
  A fire elemental (Elf:1)
  6 wyverns
  50 yaks
  The ghost of SweetJohnnyV the Chopper, an amateur MiBe of Trog (D:4)
  8 basilisks
  6 chaos spawn
  2 neqoxecs
  A steam dragon (Lair:5)
  11 humans (D:13)
  54 redbacks
  A redback (shapeshifter) (Vaults:5)
  6 vampire mosquitoes
  7 wargs
  A two-headed ogre zombie (D:12)
  5 acid dragons
  20 water moccasins
  A glowing shapeshifter skeleton (Vaults:1)
  Duvessa (D:7)
  A hell hound (Abyss:3)
  An ice beast (D:6)
  42 orc warriors
  4 black bears
  A hornet zombie (D:15)
  A sky beast (D:8)
  An ettin simulacrum (Vaults:1)
  An ice beast (shapeshifter) (Depths:3)
  25 wolves
  13 ogres
  9 centaurs
  2 phantoms (D:12)
  5 elf zombies
  19 bullfrogs
  3 kobold brigands
  3 gnoll sergeants
  3 necrophages (D:4)
  2 scorpions
  An earth elemental (Elf:2)
  4 wights
  Dowan (D:7)
  3 small abominations (Abyss:3)
  A troll zombie (D:12)
  10 killer bees
  2 howler monkeys (D:7)
  4 crimson imps (D:15)
  A human zombie (D:4)
  A quasit (Abyss:3)
  2 iron imps (Abyss:3)
  35 orc priests
  2 gnoll boudas
  A hound (D:5)
  4 jellies
  A scorpion zombie (D:4)
  2 iguanas (D:6)
  23 orc wizards
  6 hell rats (Lair:5)
  6 ogre zombies (D:12)
  A hound zombie (D:4)
  2 mummies (D:4)
  A howler monkey zombie (D:4)
  25 gnolls
  11 adders
  2 shadow imps (D:5)
  7 white imps
  An ufetubus (D:5)
  2 adder zombies (D:4)
  3 worms
  4 dart slugs
  88 orcs
  2 bats (D:2)
  15 endoplasms
  3 giant cockroaches
  9 hobgoblins
  5 jackals
  21 kobolds
  5 quokkas
  9 ball pythons
  9 frilled lizards
  7 goblins
  A goblin skeleton (D:12)
  5 goblin zombies (D:12)
  A hobgoblin skeleton (D:12)
  3 hobgoblin zombies (D:12)
  15 orc zombies (D:12)
  7 rats
  A fire vortex (Depths:4)
  A lurking horror (Abyss:3)
  A tentacle (Shoals:2)
2094 creatures vanquished.

Vanquished Creatures (collateral kills)
  2 golden dragons (Vaults:5)
  A doom hound (Depths:3)
  A quicksilver dragon (Vaults:5)
  2 shadow dragons (Vaults:5)
  A tengu reaver (Vaults:5)
  A storm dragon (Vaults:5)
  A fire giant (Vaults:5)
  A vault warden (Vaults:5)
  An ironbound preserver (Vaults:5)
  7 very ugly things
  A stone giant (Vaults:5)
  A war gargoyle (Vaults:5)
  A deep elf demonologist (Vaults:5)
  A deep elf death mage (Vaults:5)
  An ettin (Vaults:5)
  A fire dragon (shapeshifter) (Vaults:5)
  3 yaktaur captains (Vaults:5)
  A rakshasa (Depths:3)
  3 vault guards (Vaults:5)
  A dancing weapon (Vaults:5)
  3 deep troll earth magi (Vaults:5)
  A glowing orange brain (Depths:3)
  3 deep trolls (Vaults:5)
  An ironbound convoker (Vaults:5)
  A phantasmal warrior (Vaults:5)
  A wolf spider (shapeshifter) (Vaults:5)
  A vault sentinel (Vaults:5)
  2 tormentors (Depths:3)
  3 yaktaurs (Vaults:5)
  A jumping spider (shapeshifter) (Vaults:5)
  2 ogres (Vaults:5)
  An orc (Vaults:5)
52 creatures vanquished.

Vanquished Creatures (others)
  2 ancient liches
  A golden dragon (Vaults:5)
  2 titans (Vaults:5)
  A quicksilver dragon (Zot:3)
  2 sphinxes (Vaults:5)
  A tengu reaver (Vaults:5)
  2 fire giants (Vaults:5)
  A deep elf sorcerer (Vaults:5)
  4 vault wardens (Vaults:5)
  A stone giant (Vaults:5)
  A draconian stormcaller (Zot:2)
  2 ironbound preservers (Vaults:5)
  A deep elf demonologist (Vaults:5)
  3 ettins (Vaults:5)
  13 vault guards (Vaults:5)
  2 yaktaur captains (Vaults:5)
  A deep elf knight (Elf:2)
  2 hell knights (Vaults:5)
  2 iron trolls (Vaults:5)
  An orb spider (Spider:4)
  3 deep trolls (Vaults:5)
  A phantasmal warrior (Vaults:5)
  An ironbound convoker (Vaults:5)
  2 orc knights (Vaults:5)
  2 deep elf pyromancers
  A deep elf zephyrmancer (Elf:2)
  An ugly thing (Vaults:5)
  A yaktaur (Vaults:5)
  A floating eye (shapeshifter) (Vaults:5)
  2 orc warriors (Vaults:5)
  2 orc priests (Vaults:5)
  4 orcs
  A lurking horror (Abyss:3)
  4 tentacles (Shoals:2)
71 creatures vanquished.

Grand Total: 2217 creatures vanquished

Notes
Turn   | Place    | Note
-------+----------+-------------------------------------------
     0 | D:1      | turdburglar the Minotaur Monk began the quest for the Orb.
     0 | D:1      | Reached XP level 1. HP: 19/19 MP: 0/0
    89 | D:1      | Reached XP level 2. HP: 26/27 MP: 1/1
   113 | D:1      | Found a faded altar of an unknown god.
   746 | D:1      | Prayed at the altar of an unknown god.
   746 | D:1      | Became a worshipper of Gozag Ym Sagoz the Greedy
   822 | D:2      | Reached XP level 3. HP: 29/33 MP: 2/2
  1220 | D:2      | Reached XP level 4. HP: 41/41 MP: 3/3
  1246 | D:2      | Reached skill level 1 in Armour
  1252 | D:2      | Reached skill level 5 in Long Blades
  2829 | D:3      | Reached XP level 5. HP: 45/47 MP: 4/4
  3121 | D:3      | Found Ucixkiep's Book Emporium.
  3622 | D:4      | Found an iron altar of Okawaru.
  3661 | D:4      | Reached XP level 6. HP: 53/53 MP: 5/5
  3799 | D:4      | Found an ancient bone altar of Kikubaaqudgha.
  3811 | D:4      | Reached skill level 5 in Fighting
  3811 | D:4      | Reached XP level 7. HP: 60/61 MP: 6/6
  3942 | D:4      | Found a runed translucent door.
  3963 | D:4      | Noticed SweetJohnnyV's ghost (amateur MiBe)
  4138 | D:4      | Found an ornate altar of the Wu Jian Council.
  4235 | D:4      | Got the Book of Wyrd
  4436 | D:4      | Gained mutation: Your mind is acute. (Int +4, Str/Dex -1)
                  | [potion of mutation]
  4436 | D:4      | Gained mutation: You are frail. (-10% HP) [potion of
                  | mutation]
  4436 | D:4      | Gained mutation: You are agile. (Dex +4, Str/Int -1)
                  | [potion of mutation]
  4437 | D:4      | Lost mutation: Your mind is acute. (Int +4, Str/Dex -1)
                  | [potion of mutation]
  4437 | D:4      | Lost mutation: You are agile. (Dex +4, Str/Int -1) [potion
                  | of mutation]
  4437 | D:4      | Gained mutation: Your body sometimes deteriorates upon
                  | taking damage. [potion of mutation]
  4437 | D:4      | Lost mutation: You are frail. (-10% HP) [potion of
                  | mutation]
  4438 | D:4      | Lost mutation: Your body sometimes deteriorates upon taking
                  | damage. [potion of mutation]
  4438 | D:4      | Gained mutation: You are agile. (Dex +4, Str/Int -1)
                  | [potion of mutation]
  4438 | D:4      | Gained mutation: You sometimes lose your temper in combat.
                  | [potion of mutation]
  4438 | D:4      | Gained mutation: You occasionally lose the ability to read
                  | scrolls when taking damage. [potion of mutation]
  4449 | D:4      | Killed SweetJohnnyV's ghost
  4613 | D:5      | Entered Level 5 of the Dungeon
  4803 | D:5      | Noticed a hornet
  4806 | D:5      | Paralysed by a hornet for 3 turns
  4815 | D:5      | Killed a hornet
  4816 | D:5      | Reached skill level 10 in Long Blades
  4816 | D:5      | Reached skill level 1 in Stealth
  4816 | D:5      | Reached XP level 8. HP: 35/69 MP: 7/7
  5203 | D:5      | Found a staircase to the Ecumenical Temple.
  6354 | D:6      | Found Xyprayde's Tremendous Tomes.
  6510 | D:6      | Found a glowing drain.
  6534 | Sewer    | Entered a sewer
  7372 | D:6      | Reached skill level 5 in Armour
  7934 | D:7      | Reached XP level 9. HP: 67/75 MP: 8/8
  8216 | D:7      | Noticed Duvessa
  8216 | D:7      | Noticed Dowan
  8222 | D:7      | Killed Duvessa
  8224 | D:7      | Killed Dowan
  8672 | D:7      | Noticed Prince Ribbit
  8678 | D:7      | Killed Prince Ribbit
  9496 | D:8      | Reached skill level 5 in Dodging
  9906 | D:8      | Noticed Joseph
  9921 | D:8      | Killed Joseph
  9922 | D:8      | Reached skill level 1 in Shields
  9922 | D:8      | Reached XP level 10. HP: 70/86 MP: 9/9
 10096 | D:8      | Noticed a two-headed ogre
 10103 | D:8      | Killed a two-headed ogre
 10366 | D:8      | Noticed Gastronok
 10385 | D:8      | Killed Gastronok
 10386 | D:8      | Reached skill level 4 in Shields
 10668 | D:9      | Reached skill level 1 in Ranged Weapons
 10680 | D:9      | Found a staircase to the Lair.
 10891 | D:9      | Noticed a two-headed ogre
 10903 | D:9      | Killed a two-headed ogre
 11069 | D:9      | Reached XP level 11. HP: 92/97 MP: 10/10
 11298 | D:9      | Lost mutation: You occasionally lose the ability to read
                  | scrolls when taking damage. [potion of mutation]
 11298 | D:9      | Lost mutation: You are agile. (Dex +4, Str/Int -1) [potion
                  | of mutation]
 11298 | D:9      | Gained mutation: You are somewhat resistant to further
                  | mutation. [potion of mutation]
 11511 | D:9      | Identified a scroll of acquirement
 11511 | D:9      | Acquired the +8 double sword "Nubonil" {flame, rC+}
 11528 | D:10     | Entered Level 10 of the Dungeon
 11537 | D:10     | Reached skill level 10 in Fighting
 11689 | D:10     | Noticed an orc knight
 11689 | D:10     | Noticed an orc sorcerer
 11695 | D:10     | Killed an orc knight
 11700 | D:10     | Noticed a sixfirhy
 11708 | D:10     | Killed an orc sorcerer
 12072 | D:10     | Noticed a two-headed ogre
 12079 | D:10     | Killed a two-headed ogre
 12319 | Lair:1   | Entered Level 1 of the Lair of Beasts
 12319 | Lair:1   | You fall into a shaft and drop 1 floor!
 12319 | Lair:2   | Noticed Erica
 12325 | Lair:2   | Killed Erica
 12326 | Lair:2   | Reached skill level 5 in Shields
 12326 | Lair:2   | Reached skill level 1 in Evocations
 12357 | Lair:2   | Reached skill level 15 in Long Blades
 12431 | Lair:2   | Reached XP level 12. HP: 83/110 MP: 11/11
 12732 | Lair:2   | Found a hole to the Spider Nest.
 12802 | Lair:2   | Noticed Maggie
 12813 | Lair:2   | Killed Maggie
 13003 | Lair:2   | Noticed a seven-headed hydra
 13006 | Lair:2   | Killed a five-headed hydra
 13023 | Lair:2   | Reached skill level 10 in Armour
 13761 | Lair:1   | Learned a level 1 spell: Beastly Appendage
 13943 | Lair:1   | Noticed Urug
 13952 | Lair:1   | Killed Urug
 13953 | Lair:1   | Reached skill level 5 in Ranged Weapons
 15496 | Lair:3   | Found a staircase to the Shoals.
 15947 | Lair:4   | Noticed an eight-headed hydra
 15957 | Lair:4   | Killed a six-headed hydra
 16072 | Lair:4   | Found a staircase to the Slime Pits.
 16478 | Lair:4   | Noticed a five-headed hydra
 16481 | Lair:4   | Noticed a seven-headed hydra
 16493 | Lair:4   | Killed a one-headed hydra
 16494 | Lair:4   | Reached XP level 13. HP: 105/119 MP: 12/12
 16823 | Lair:4   | Identified the +5 dagger of War {venom, +Blink rElec rN+
                  | rCorr}
 16945 | Lair:4   | Learned a level 2 spell: Blink
 16966 | Lair:5   | Entered Level 5 of the Lair of Beasts
 16989 | Lair:5   | Lost mutation: You sometimes lose your temper in combat.
                  | [potion of mutation]
 16989 | Lair:5   | Lost mutation: You are somewhat resistant to further
                  | mutation. [potion of mutation]
 16989 | Lair:5   | Gained mutation: You have sharp fingernails. [potion of
                  | mutation]
 16989 | Lair:5   | Gained mutation: Your magical capacity is low. (-10% MP)
                  | [potion of mutation]
 16989 | Lair:5   | Gained mutation: You are somewhat resistant to further
                  | mutation. [potion of mutation]
 16989 | Lair:5   | Gained mutation: You passively map a small area around you.
                  | [potion of mutation]
 17062 | Lair:5   | Reached skill level 1 in Transmutations
 17242 | Lair:5   | Reached skill level 1 in Spellcasting
 17325 | Lair:5   | Reached skill level 1 in Translocations
 17896 | Lair:5   | Lost mutation: You passively map a small area around you.
                  | [potion of mutation]
 17896 | Lair:5   | Lost mutation: You have sharp fingernails. [potion of
                  | mutation]
 17896 | Lair:5   | Lost mutation: You are somewhat resistant to further
                  | mutation. [potion of mutation]
 17896 | Lair:5   | Gained mutation: You have sharp toenails. [potion of
                  | mutation]
 17896 | Lair:5   | Gained mutation: You have a pair of large horns on your
                  | head. [potion of mutation]
 18318 | Lair:5   | Identified the +11 flail of Ruiph {drain, rPois Str+2 Int+3
                  | Stlth+}
 18322 | Lair:5   | Identified the ring of Futezic {rC+ Str+5 Slay+2 Stlth-}
 18643 | Lair:5   | Identified the +1 scale mail of the Mackerel {*Slow Fly
                  | MP+9 Str+3}
 19033 | Lair:5   | Reached XP level 14. HP: 133/133 MP: 12/12
 19105 | Lair:5   | Identified the staff of earth "Noruomu" {rPois Str+7 Dex-5}
 19121 | Lair:5   | Identified the +2 halberd of a Gauntlet {speed, *Corrode
                  | rN++ Will- Int+3}
 19594 | D:11     | Learned a level 2 spell: Passwall
 19598 | D:11     | Learned a level 3 spell: Swiftness
 19835 | D:11     | Reached skill level 10 in Dodging
 19835 | D:11     | Noticed Snorg
 19843 | D:11     | Killed Snorg
 19844 | D:11     | Reached skill level 6 in Shields
 20067 | D:11     | Lost mutation: Your magical capacity is low. (-10% MP)
                  | [potion of mutation]
 20067 | D:11     | Lost mutation: You have a pair of large horns on your head.
                  | [potion of mutation]
 20067 | D:11     | Lost mutation: You have sharp toenails. [potion of
                  | mutation]
 20067 | D:11     | Gained mutation: Your body sometimes deteriorates upon
                  | taking damage. [potion of mutation]
 20067 | D:11     | Gained mutation: Your mind is acute. (Int +4, Str/Dex -1)
                  | [potion of mutation]
 20067 | D:11     | Gained mutation: Your muscles are strong. (Str +4, Int/Dex
                  | -1) [potion of mutation]
 20155 | D:12     | Found a staircase to the Orcish Mines.
 20968 | D:13     | Reached skill level 1 in Air Magic
 20987 | D:13     | Found a frozen archway.
 20996 | IceCv    | Entered an ice cave
 21077 | IceCv    | Reached skill level 15 in Fighting
 22042 | IceCv    | Noticed a frost giant
 22053 | IceCv    | Killed a frost giant
 22054 | IceCv    | Reached skill level 5 in Evocations
 23270 | D:13     | Reached skill level 5 in Stealth
 23289 | D:13     | Found a gate to the Vaults.
 24070 | D:14     | Reached XP level 15. HP: 121/144 MP: 17/17
 24480 | D:15     | Entered Level 15 of the Dungeon
 24651 | D:15     | Reached skill level 7 in Shields
 25156 | D:15     | Found a staircase to the Depths.
 25547 | D:15     | Found a white marble altar of Elyvilon.
 25883 | Orc:1    | Entered Level 1 of the Orcish Mines
 26397 | Orc:1    | Found a transporter.
 26413 | Orc:1    | Found a transporter.
 26415 | Orc:1    | Noticed Kaxaet's ghost (journeyman MfVM)
 26449 | Orc:1    | Paralysed by an orc sorcerer for 4 turns
 26456 | Orc:1    | Reached skill level 8 in Shields
 26775 | Orc:1    | Found a one-way gate to the infinite horrors of the Abyss.
 26815 | Orc:1    | Found a bloodstained altar of Trog.
 27275 | Orc:2    | Entered Level 2 of the Orcish Mines
 27365 | Orc:2    | Found Kipouso's Jewellery Shop.
 27441 | Orc:2    | Found a staircase to the Elven Halls.
 27464 | Orc:2    | Found Zestuas's Assorted Antiques.
 27792 | Orc:2    | Bought the amulet of Fyxocw {Reflect rN+ SH+5} for 659 gold
                  | pieces
 27862 | Orc:2    | Found Qefe's Assorted Antiques.
 27862 | Orc:2    | Found Rischiar's Magic Scroll Shop.
 27900 | Orc:2    | Bought a smoking steel ring for 195 gold pieces
 27900 | Orc:2    | Identified the ring "Fijonuybb" {Wiz Drain rElec rPois rF+}
                  | (You bought it in a shop on level 2 of the Orcish Mines)
 27900 | Orc:2    | Bought a runed cloak for 292 gold pieces
 29105 | Orc:2    | Found Odaruoka's Jewellery Shoppe.
 29105 | Orc:2    | Found Syuqug's Assorted Antiques.
 29106 | Orc:2    | Found Nunluen's Book Shoppe.
 29106 | Orc:2    | Found Jidghyg's Magic Scroll Emporium.
 29122 | Orc:2    | Bought a manual of Shields for 1200 gold pieces
 29187 | Orc:2    | Found Voogh's Armour Shop.
 29464 | Orc:2    | Bought a slimy long sword for 229 gold pieces
 29464 | Orc:2    | Identified the +7 long sword of Excruciating Pain {venom,
                  | rN++ Will+ Dex-2 Stlth+} (You bought it in a shop on level
                  | 2 of the Orcish Mines)
 29464 | Orc:2    | Bought a box of beasts for 1080 gold pieces
 29908 | Shoals:1 | Entered Level 1 of the Shoals
 29915 | Shoals:1 | Reached skill level 9 in Shields
 30549 | Shoals:1 | Reached skill level 10 in Shields
 31406 | Shoals:2 | Found Jusuikol's Assorted Antiques.
 31617 | Shoals:2 | Learned a level 4 spell: Manifold Assault
 31621 | Shoals:2 | Learned a level 3 spell: Ozocubu's Armour
 31626 | Shoals:2 | Learned a level 4 spell: Petrify
 31662 | Shoals:2 | Reached XP level 16. HP: 141/154 MP: 19/19
 31747 | Shoals:2 | Reached skill level 11 in Shields
 32474 | Shoals:2 | Reached skill level 1 in Earth Magic
 32928 | Shoals:3 | Reached skill level 12 in Shields
 33599 | Orc:2    | Bought a glowing scale mail for 161 gold pieces
 33603 | Orc:2    | Bought a +1 kite shield of protection for 280 gold pieces
 33603 | Orc:2    | Bought a +1 pair of boots of flying for 280 gold pieces
 33603 | Orc:2    | Bought a +3 scale mail of cold resistance for 442 gold
                  | pieces
 34005 | Shoals:2 | Noticed a kraken
 34019 | Shoals:2 | Killed a kraken
 34770 | Shoals:3 | Reached skill level 13 in Shields
 35381 | Shoals:3 | Reached skill level 10 in Ranged Weapons
 35738 | Shoals:4 | Entered Level 4 of the Shoals
 35882 | Shoals:4 | Noticed Bai Suzhen
 35914 | Shoals:3 | Killed Bai Suzhen
 36147 | Shoals:4 | Reached skill level 14 in Shields
 36457 | Shoals:4 | Noticed a sphinx
 36758 | Shoals:4 | Got a barnacled rune of Zot
 36799 | Shoals:4 | Killed a sphinx
 37187 | Shoals:4 | Reached skill level 15 in Shields
 37308 | Shoals:4 | Reached XP level 17. HP: 162/162 MP: 20/20
 38165 | Shoals:4 | Learned a level 1 spell: Apportation
 38706 | Elf:1    | Entered Level 1 of the Elven Halls
 38814 | Elf:1    | Found Ytuereli's Weapon Shoppe.
 39375 | Elf:1    | Got Kikubaaqudgha's Vellum of Debased Deeds
 39526 | Elf:1    | Noticed Aizul
 39542 | Elf:1    | Killed Aizul
 40345 | Elf:1    | Found Xutaistro's Antique Weapon Boutique.
 40372 | Elf:1    | Found Ownanaut's Magic Scroll Boutique.
 40372 | Elf:1    | Found Susin's General Store.
 40938 | Spider:1 | Entered Level 1 of the Spider Nest
 40955 | Spider:1 | You are sucked into a shaft and drop 1 floor!
 41987 | Spider:1 | Found a runed translucent door.
 41987 | Spider:1 | Noticed coffeetime's ghost (journeyman MiHu)
 42740 | Spider:1 | Killed coffeetime's ghost
 43468 | Spider:2 | Reached XP level 18. HP: 151/172 MP: 21/21
 45077 | Spider:3 | Paralysed by a jorogumo for 3 turns
 45617 | Spider:3 | Reached skill level 16 in Shields
 45960 | Spider:3 | Noticed Agnes
 45967 | Spider:3 | Killed Agnes
 46096 | Spider:3 | Identified the +11 short sword "Iriam" {heavy, *Rage rElec
                  | rPois rC-}
 46256 | Spider:4 | Entered Level 4 of the Spider Nest
 47352 | Spider:4 | Reached skill level 15 in Dodging
 47624 | Spider:4 | Reached skill level 15 in Armour
 47716 | Spider:4 | Noticed Donald
 47735 | Spider:4 | Killed Donald
 48382 | Spider:4 | Noticed Nikola
 48490 | Spider:4 | Killed Nikola
 48892 | Lair:5   | Bought the amulet of Sokhajuu {Drain +Blink Regen+ Int+4}
                  | for 655 gold pieces
 49456 | Spider:4 | Got a gossamer rune of Zot
 49751 | Spider:4 | Got the Catalogue of Wildfire
 50143 | Elf:2    | Paralysed by an air elemental for 1 turns
 50152 | Elf:1    | Paralysed by an air elemental for 1 turns
 50445 | Elf:1    | Reached XP level 19. HP: 171/183 MP: 22/22
 50682 | Elf:2    | Reached skill level 17 in Shields
 50893 | Elf:1    | Upgraded the game from 0.30.0-30-g96aa6591b8 to 0.30.1
 52056 | Elf:2    | Found a runed translucent gate.
 52056 | Elf:2    | Found a runed translucent gate.
 52056 | Elf:2    | Found a runed translucent gate.
 52599 | Elf:2    | Noticed Zenata
 52613 | Elf:2    | Killed Zenata
 53452 | Vaults:1 | Entered Level 1 of the Vaults
 53993 | Vaults:1 | Found Mediasy's Armour Shoppe.
 54021 | Vaults:1 | Bought the +3 pair of gauntlets of War {Slay+5} for 665
                  | gold pieces
 54021 | Vaults:1 | Found the +3 pair of gauntlets of War {Slay+5}
 55202 | Vaults:2 | Paralysed by a sphinx for 4 turns
 55217 | Vaults:2 | Reached XP level 20. HP: 137/195 MP: 23/23
 55439 | Vaults:2 | Found the +3 crown of Dyrovepreva {rElec Int+2 SInv}
 55790 | Vaults:2 | Found Ihowav's General Store.
 55820 | Vaults:2 | Bought a potion of heal wounds for 80 gold pieces
 56779 | Vaults:3 | Found a staircase to the Crypt.
 57716 | Vaults:3 | Identified the +1 ring mail "Fegamuot" {rF+ Int+3 Stlth+}
 59282 | Vaults:4 | Reached XP level 21. HP: 207/207 MP: 24/24
 59308 | Vaults:4 | Noticed Xtahua
 59320 | Vaults:4 | Killed Xtahua
 59326 | Abyss:3  | Cast into level 3 of the Abyss (a wizard)
 59387 | Abyss:3  | Reached skill level 5 in Transmutations
 59846 | Vaults:4 | Escaped the Abyss
 60096 | Vaults:4 | Found Wifebo's Distillery.
 60104 | Vaults:4 | Bought a potion of haste for 220 gold pieces
 60104 | Vaults:4 | Bought a potion of invisibility for 176 gold pieces
 60104 | Vaults:4 | Bought a potion of might for 88 gold pieces
 60104 | Vaults:4 | Bought a potion of might for 88 gold pieces
 60104 | Vaults:4 | Bought a potion of heal wounds for 110 gold pieces
 60104 | Vaults:4 | Bought a potion of curing for 66 gold pieces
 60487 | Depths:1 | Entered Level 1 of the Depths
 60506 | Depths:1 | Found a gateway to Hell.
 60538 | Depths:1 | Noticed Saint Roka
 60574 | Depths:1 | Killed Saint Roka
 61357 | Depths:1 | Got the Spellbook of the Undead
 61409 | Depths:1 | Found Malyal's Book Shop.
 61413 | Depths:1 | Found Tedishur's Antique Weapon Boutique.
 61428 | Depths:1 | Identified the +4 dire flail of Vogouru {freeze, Stlth+}
 61442 | Depths:1 | Identified the amulet "Wazugh" {Spirit rN+ rCorr Int+3
                  | Dex-3}
 61517 | Depths:1 | Found a corrupted altar of Lugonu.
 61548 | Depths:1 | Found Meus's Book Boutique.
 61722 | Depths:2 | Reached skill level 5 in Translocations
 62695 | Depths:2 | You are sucked into a shaft and drop 2 floors!
 62695 | Depths:4 | Entered Level 4 of the Depths
 63228 | Depths:2 | Noticed Mara
 63250 | Depths:2 | Killed Mara
 63541 | Depths:2 | Identified the +10 flail "Killer Bee's Foe" {protect,
                  | rCorr}
 63808 | Depths:2 | Found a one-way gate leading to the halls of Pandemonium.
 64238 | Vaults:4 | Bought 2 potions of mutation for 352 gold pieces
 64238 | Vaults:4 | Lost mutation: Your mind is acute. (Int +4, Str/Dex -1)
                  | [potion of mutation]
 64238 | Vaults:4 | Lost mutation: Your body sometimes deteriorates upon taking
                  | damage. [potion of mutation]
 64238 | Vaults:4 | Gained mutation: Your flesh is cold resistant. (rC+)
                  | [potion of mutation]
 64238 | Vaults:4 | Gained mutation: Your spells are a little harder to cast,
                  | but a little more powerful. [potion of mutation]
 64239 | Vaults:4 | Lost mutation: Your spells are a little harder to cast, but
                  | a little more powerful. [potion of mutation]
 64239 | Vaults:4 | Lost mutation: Your muscles are strong. (Str +4, Int/Dex
                  | -1) [potion of mutation]
 64239 | Vaults:4 | Lost mutation: Your flesh is cold resistant. (rC+) [potion
                  | of mutation]
 64239 | Vaults:4 | Gained mutation: You have supernaturally acute eyesight.
                  | (SInv) [potion of mutation]
 64239 | Vaults:4 | Gained mutation: You have sharp fingernails. [potion of
                  | mutation]
 64726 | Depths:3 | Noticed Grunn
 64743 | Depths:3 | Killed Grunn
 64748 | Depths:3 | Reached XP level 22. HP: 102/206 MP: 10/27
 64754 | Depths:3 | Reached skill level 10 in Evocations
 65464 | Depths:3 | Identified the +6 chain mail "Vunwozot" {Drain +Inv Fly
                  | rF-}
 65518 | Depths:3 | Found a snail-covered altar of Cheibriados.
 65519 | Depths:3 | Noticed a caustic shrike
 65519 | Depths:3 | Noticed a caustic shrike
 65530 | Depths:3 | Killed a caustic shrike
 65556 | Depths:3 | Killed a caustic shrike
 66619 | Depths:4 | Reached skill level 18 in Shields
 67804 | Depths:4 | Found a one-way gateway to a ziggurat.
 67904 | Depths:4 | Reached skill level 5 in Spellcasting
 67939 | Depths:4 | Noticed a golden dragon
 67944 | Depths:4 | Killed a golden dragon
 67949 | Depths:4 | Found a gate to the Realm of Zot.
 68498 | Vaults:5 | Entered Level 5 of the Vaults
 68955 | Vaults:5 | Identified the amulet "Iduesiah" {Spirit Rampage +Inv
                  | Dex-3}
 69028 | Vaults:5 | Identified the +8 shortbow "Owelyuli" {freeze, +Blink Int+5
                  | Stlth+}
 69029 | Vaults:5 | Identified the staff of poison "Vamoal" {rElec rPois rC-
                  | Int+6 Dex+2}
 69149 | Vaults:5 | Got a silver rune of Zot
 69266 | Vaults:5 | Identified the ring "Wodaarox" {Wiz rPois rF+}
 69353 | Vaults:5 | Noticed a golden dragon
 69355 | Vaults:5 | Killed a golden dragon
 69359 | Vaults:5 | Noticed a golden dragon
 69365 | Vaults:5 | Killed a golden dragon
 69411 | Vaults:5 | Reached skill level 19 in Shields
 69442 | Vaults:5 | Reached XP level 23. HP: 154/223 MP: 23/30
 69463 | Vaults:5 | Identified the staff of conjuration "Xyeniow" {rF- rN+
                  | Str+2}
 69474 | Vaults:5 | Identified the +3 executioner's axe of the Feather {freeze,
                  | rPois rF- rCorr Str+8}
 69508 | Vaults:5 | Identified the +1 spear "Suock" {antimagic, rCorr Dex+3}
 69510 | Vaults:5 | Got the Cyclopedia of Congregated Venin
 69569 | Vaults:5 | Acquired the +10 tower shield of Ignorance {rN+ Int-4}
 69569 | Vaults:5 | Found the +10 tower shield of Ignorance {rN+ Int-4}
 69991 | Vaults:5 | Got Sif Muna's Enchiridion on Geometry and the Entourage
 69996 | Vaults:5 | Identified the +0 robe of Subjectivity {Rampage}
 70126 | Vaults:5 | Noticed a dread lich
 70134 | Vaults:5 | Noticed an ancient lich
 70147 | Vaults:5 | Killed an ancient lich
 70429 | Vaults:5 | Reached skill level 20 in Shields
 70653 | Depths:1 | Bought a book of Unlife for 576 gold pieces
 70925 | D:3      | Bought a book of Necromancy for 312 gold pieces
 71427 | Zot:1    | Entered Level 1 of the Realm of Zot
 72483 | Zot:1    | Reached skill level 21 in Shields
 73283 | Zot:1    | Found a runed translucent gate.
 73283 | Zot:1    | Found a runed translucent gate.
 73283 | Zot:1    | Found a runed translucent gate.
 73286 | Zot:1    | Found Cihubuuh's Assorted Antiques.
 73286 | Zot:1    | Found an opulent altar of Gozag.
 73288 | Zot:1    | Noticed stpyramids's ghost (legendary DDFi)
 73440 | Zot:1    | Noticed a curse toe
 73454 | Zot:1    | Killed a curse toe
 74068 | Zot:1    | Killed stpyramids's ghost
 74069 | Zot:1    | Reached skill level 22 in Shields
 74370 | Zot:1    | Bought a pair of fading boots for 199 gold pieces
 74370 | Zot:1    | Identified the +0 pair of boots of Plog {+Blink rElec rC+
                  | Will+} (You bought it in a shop on level 1 of the Realm of
                  | Zot)
 74370 | Zot:1    | Bought a potion of heal wounds for 105 gold pieces
 74370 | Zot:1    | Bought a potion of mutation for 168 gold pieces
 74387 | Zot:2    | Noticed a curse toe
 74401 | Zot:2    | Killed a curse toe
 74675 | Zot:2    | You are sucked into a shaft and drop 2 floors!
 75382 | Zot:2    | Reached skill level 23 in Shields
 76030 | Zot:2    | Noticed a Killer Klown
 76037 | Zot:2    | Killed a Killer Klown
 76255 | Zot:2    | Noticed a curse toe
 76265 | Zot:2    | Killed a curse toe
 76513 | Zot:2    | Reached XP level 24. HP: 167/231 MP: 31/31
 78336 | Zot:4    | Noticed a Killer Klown
 78355 | Zot:4    | Killed a Killer Klown
 78356 | Zot:4    | Reached skill level 24 in Shields
 78584 | Zot:4    | Noticed Vv
 78602 | Zot:4    | Killed Vv
 78845 | Zot:4    | Reached skill level 15 in Ranged Weapons
 79870 | Zot:5    | Entered Level 5 of the Realm of Zot
 80809 | Zot:5    | Noticed an ancient lich
 80824 | Zot:5    | Killed an ancient lich
 81112 | Zot:5    | Noticed a Killer Klown
 81115 | Zot:5    | Noticed an orb of fire
 81115 | Zot:5    | Noticed an ancient lich
 81134 | Zot:5    | Killed an orb of fire
 81138 | Zot:5    | Killed an ancient lich
 81146 | Zot:5    | Noticed a dread lich
 81181 | Zot:5    | Killed a Killer Klown
 81187 | Zot:5    | Killed a dread lich
 81188 | Zot:5    | Reached skill level 25 in Shields
 81759 | Zot:5    | Noticed an ancient lich
 81763 | Zot:5    | Killed an ancient lich
 82085 | Zot:5    | Noticed an ancient lich
 82126 | Zot:5    | Killed an ancient lich
 82126 | Zot:5    | Noticed an orb of fire
 82127 | Zot:5    | Reached XP level 25. HP: 164/243 MP: 31/31
 82135 | Zot:5    | Gained mutation: Your spells are a little easier to cast,
                  | but a little less powerful. [an orb of fire]
 82149 | Zot:5    | Gained mutation: You have sharp toenails. [an orb of fire]
 82152 | Zot:5    | Killed an orb of fire
 82392 | Zot:5    | Noticed a Killer Klown
 82405 | Zot:5    | Killed a Killer Klown
 82909 | Zot:5    | Noticed a Killer Klown
 82921 | Zot:5    | a Killer Klown changed into a quicksilver ooze
 83116 | Zot:5    | Noticed a Killer Klown
 83515 | Zot:5    | Got the Orb of Zot
 83524 | Zot:5    | Lost intelligence.
 83538 | Zot:5    | Noticed Jimeerefah the pandemonium lord
 83539 | Zot:5    | Paralysed by Jimeerefah for 3 turns
 83547 | Zot:5    | Killed Jimeerefah the pandemonium lord
 83630 | Zot:5    | Killed a Killer Klown
 83781 | Depths:4 | Noticed Nemotonn the pandemonium lord
 83808 | Depths:4 | Killed Nemotonn the pandemonium lord
 83900 | Depths:1 | Reached skill level 26 in Shields
 83924 | D:15     | Gained mutation: You occasionally shout uncontrollably at
                  | your foes. [a cacodemon]
 84307 | D:$      | Escaped with the Orb!

Illustrated notes

Levels and vault maps discovered:
D:1:      minmay_arrival_five_plusses, layout_basic, basic_ecumenical_altar
D:2:      layout_rooms, minmay_octomino_c4
D:3:      layout_loops_corners, serial_shops, shop, minmay_close_crescents
D:4:      layout_rooms, okawaru_altar_gauntlet_db, mainiacjoe_overflow_alcove_2,
          lemuel_mausoleum_altar_kikubaaqudgha, ebering_ghost_sewer_d
D:5:      layout_layer_cave, minmay_temple_entry_crystal_x
D:6:      layout_gridville, gup_sewer_entry_glass, nicolae_shop_i_like_big_books
D:7:      layout_basic, uniq_prince_ribbit1, uniq_duvessa
D:8:      layout_gridville, minmay_unpleasant_kobolds, uniq_joseph,
          uniq_gastronok
D:9:      layout_irregular_city, minmay_lair_entry_grove,
          nicolae_elevator_lobby_asterisk
D:10:     layout_roguey, minmay_misc_feat_iff
D:11:     layout_rooms, kennysheep_generic_room_8, uniq_snorg
D:12:     layout_loops_ring, zombieorc2_lemuel
D:13:     layout_basic, ximxim_vaults_locker_room,
          portal_ice_cave_entry_pillars_1
D:14:     layout_big_octagon, nrook_mini_backslash
D:15:     grunt_enter_depths_magical_seal, layout_loops_cross,
          nicolae_elyvilon_peaceful_grove, minmay_fire_ice_demons
Lair:1:   layout_layer_cave, serial_forest, infiniplex_forest_clump_curved,
          infiniplex_forest_lined_3, infiniplex_forest_diagonal,
          infiniplex_forest_end_1, infiniplex_forest_lined_2,
          infiniplex_forest_lined_2, infiniplex_forest_join, grunt_megastairs_1,
          uniq_urug
Lair:2:   layout_small_grid, spider_nest_entry_a, lemuel_fruit_tree,
          grunt_megastairs_4, uniq_maggie, uniq_erica
Lair:3:   layout_roguey, elwin_shoals_entry_rooms
Lair:4:   layout_cave_pods, nicolae_slime_entry_slimehenge, st_stairs_11,
          evilmike_ambush [evilmike_ambush_outer_basic,
          evilmike_ambush_inner_basic], serial_bayou_shore_b
Lair:5:   gammafunk_lair_ancient_temple, layout_layer_cave,
          minmay_lair_oklob_items
Shoals:1: layout_shoals, nzn_prometheus_bound
Shoals:2: layout_shoals, nicolae_stop_n_shop_1
Shoals:3: layout_shoals
Shoals:4: shoals_end_hellmonk_lost_city, uniq_bai_suzhen
Spider:1: layout_spider_delve, hellmonk_ghost_happy_afterlife
Spider:2: layout_spider_delve, hellmonk_test_site
Spider:3: spider_temple_joshua, uniq_agnes
Spider:4: hellmonk_spider_rune_bug_friends, drop_trap,
          nicolae_spider_rock_and_or_roll, uniq_nikola, uniq_donald
Orc:1:    layout_caves, gammafunk_ghost_abyssal_escape, basic_altar
Orc:2:    st_orc_pillars, layout_caves, serial_shops, nicolae_shop_hallway_plus,
          shop, shop, shop, nicolae_shop_stone, mines2_lemuel
Elf:1:    eino_elf_arrival_sip, layout_geoelf_diagonals, serial_shops,
          nicolae_shop_trees, nicolae_shop_trees,
          nicolae_shop_tiny_statue_garden, nicolae_shop_getting_attention,
          minmay_elf_necromancy, item_on_display_a, grunt_megastairs_3,
          uniq_aizul
Elf:2:    elven_hall_of_blades_hangedman_original
          [nicolae_blade_entry_hurt_lockers], layout_loops_ring, evilmike_ambush
          [evilmike_ambush_outer_pillars, evilmike_ambush_inner_pond],
          uniq_zenata
Vaults:1: nicolae_vaults_storage_closets_1, hangedman_vaults_river_flow,
          nicolae_vaults_storage_room_glass, nicolae_vaults_hexular_roomagon,
          nicolae_vaults_library_corner, vaults_dpeg_cross,
          nicolae_vaults_diamond_1, nicolae_vaults_taking_the_gang_shopping,
          layout_vaults_quadrants
Vaults:2: v_pattern_2, v_misc_16, nicolae_vaults_swerve,
          nicolae_vaults_closet_pinwheel_3, nicolae_vaults_hexular_roomagon,
          nicolae_vaults_little_squares_4, nicolae_vaults_doubleplus_tesselated,
          v_misc_22, nicolae_vaults_steering_wheel,
          nicolae_vaults_lightning_bolt, hangedman_vaults_trim,
          nicolae_vaults_little_ls, nicolae_vaults_rhombus_6,
          layout_vaults_omnibox, serial_shops, nicolae_shop_waterfront,
          uniq_margery
Vaults:3: minmay_crypt_entry_simple_statues, v_alt_pattern_6,
          nicolae_vaults_more_shelving_1, nicolae_vaults_little_squares_6,
          vaults_dpeg_ring, nicolae_vaults_diamond_2, layout_vaults_chaotic_city
Vaults:4: grunt_vaults_swirl, v_rooms_6, st_lattice,
          nicolae_vaults_heart-shaped_vault, grunt_vaults_focal,
          hangedman_vaults_restitches, nicolae_vaults_sightless_eye,
          hangedman_vaults_corner, layout_vaults_omnicross, serial_shops,
          nicolae_shop_waterfront, uniq_xtahua
Vaults:5
Depths:1: layout_roguey [special_room_morgue], abyss_entry_crystal, hell_entry,
          serial_shops, shop, chequers_big_river, corexii_corridor_pit,
          tgw_lugonu_bribe, minmay_shoptagon, uniq_saint_roka
Depths:2: minmay_crescents, layout_gridlike, grunt_pan_entry_sceptre,
          bh_walls_and_bars, hell_entry, uniq_mara
Depths:3: minmay_connected_triangles_in_corner, layout_cave_pools, hell_entry,
          abyss_entry, argonaut_fire_from_heaven, uniq_grunn
Depths:4: grunt_zot_entry_gee_three, layout_basic, enter_ziggurat_f, hell_entry,
          chequers_serial_rivers_large_b, amcnicky_mini_pool_small
Zot:1:    layout_onion_interference, ebering_ghost_gozag, st_stairs_7
Zot:2:    kennysheep_bubbly, layout_cellular_growth, grunt_ministairs_12,
          st_stairs_14, lemuel_baited_zot_trap, st_large_dragon_hoard_1
Zot:3:    layout_basic, grunt_ministairs_7
Zot:4:    layout_gridlike, uniq_vv
Zot:5:    layout_basic

Skill      XL: |  1  2  3  4  5  6  7  8  9 10 11 12 13 14 15 16 17 18 19 20 21 22 23 24 25 |
---------------+----------------------------------------------------------------------------+-----
Long Blades    | 4 5 6 7 10 11 13 14 15 16 17 18 19 20 | 20.0
Fighting       | 4 5 6 7 9 11 12 14 16 17 18 19 20 22 23 24 | 24.5
Armour         | 1 2 3 5 7 8 9 10 11 12 13 14 15 16 17 18 19 20 | 20.5
Dodging        | 4 5 6 7 8 9 11 12 13 14 15 16 18 19 20 | 20.5
Stealth        | 1 2 3 4 5 6 7 9 |  9.2
Shields        | 1 4 5 6 10 15 16 17 19 23 25 26 | 26.0
Ranged Weapons | 2 4 6 7 8 9 10 12 14 15 16 | 16.5
Evocations     | 1 3 4 5 6 7 8 9 10 11 12 | 12.0
Transmutations | 2 4 5 |  5.0
Spellcasting   | 1 2 3 4 5 6 |  6.0
Translocations | 1 2 4 5 6 |  6.0
Air Magic      | 2 3 |  3.0
Earth Magic    | 1 3 4 |  4.0

Action                     |  1- 3 |  4- 6 |  7- 9 | 10-12 | 13-15 | 16-18 | 19-21 | 22-24 | 25-27 || total
---------------------------+-------+-------+-------+-------+-------+-------+-------+-------+-------++-------
  Melee: Falchion          |    73 |   155 |    46 |       |       |       |       |       |       ||   274
         Headbutt          |    13 |    34 |    77 |   122 |   263 |   330 |   464 |   549 |    73 ||  1925
         Punch             |       |     2 |     7 |     9 |     6 |       |       |       |       ||    24
         Long sword        |       |       |   192 |       |       |       |       |       |       ||   192
         Scimitar          |       |       |    84 |   154 |       |       |       |       |       ||   238
         Double sword      |       |       |       |   314 |  1178 |  1291 |  1490 |  1474 |   238 ||  5985
         Kick              |       |       |       |       |       |     3 |       |       |       ||     3
   Fire: Sling             |       |       |       |       |     5 |   473 |    49 |       |       ||   527
         Hand crossbow     |       |       |       |       |       |       |       |    22 |       ||    22
   Cast: Swiftness         |       |       |       |       |       |     1 |       |       |       ||     1
         Beastly Appendage |       |       |       |       |       |     1 |       |       |       ||     1
         Passwall          |       |       |       |       |       |     2 |       |       |       ||     2
 Invoke: Potion Petition   |       |       |       |       |       |     4 |     4 |     5 |     3 ||    16
         Call Merchant     |       |       |       |       |       |     2 |       |       |       ||     2
         Bribe Branch      |       |       |       |       |       |       |       |     2 |       ||     2
  Evoke: Lightning rod     |       |       |       |       |       |     2 |       |       |       ||     2
    Use: Scroll            |       |    14 |    12 |     8 |    12 |     6 |    10 |    14 |     1 ||    77
         Potion            |       |       |     5 |     3 |    12 |     1 |     6 |     6 |     4 ||    37
   Stab: Distracted        |       |     2 |       |     2 |    14 |    10 |    13 |     8 |     4 ||    53
         Sleeping          |       |       |       |     9 |     7 |     2 |     1 |     3 |       ||    22
         Invisible         |       |       |       |       |     4 |     1 |     5 |    13 |       ||    23
         Confused          |       |       |       |       |       |       |       |     1 |       ||     1
         Paralysed         |       |       |       |       |       |       |       |     1 |       ||     1
 Armour: Scale mail        |    14 |    57 |   140 |   138 |       |   437 |   317 |   387 |    26 ||  1516
         Robe              |     2 |       |       |       |       |       |       |       |       ||     2
         Steam dragon scal |       |       |       |    43 |   244 |    22 |       |       |       ||   309
  Dodge: Dodged            |    48 |    77 |   193 |   198 |   640 |   802 |   674 |   835 |    47 ||  3514
  Block: Other             |       |       |    23 |    72 |    93 |       |       |       |       ||   188
         Reflection        |       |       |     3 |       |    63 |    81 |    91 |    21 |     8 ||   267
         Kite shield       |       |       |       |       |   517 |  1553 |  1033 |   335 |       ||  3438
         Tower shield      |       |       |       |       |       |       |       |  1699 |   300 ||  1999
